 Dungeon Crawl Stone Soup version 0.27-a0-1612-gde56a17b89 (webtiles) character file.

Game seed: 4716259569296726215

1171 Sin92 the Chopper (level 8, 0/62 HPs)
             Began as a Demonspawn Fighter on July 22, 2021.
             Killed by divine providence
             ... invoked by an orc priest
              (10 damage)
             ... on level 6 of the Dungeon.
             The game lasted 00:06:46 (5986 turns).

Sin92 the Chopper (Demonspawn Fighter)              Turns: 5986, Time: 00:06:47

Health: 0/62       AC:  9    Str: 19    XL:     8   Next: 18%
Magic:  8/8        EV:  7    Int: 12    God:
Gold:   381        SH:  9    Dex: 12    Spells: 7/7 levels left

rFire    . . .     SeeInvis .   r - +7 trident of Zin's Whim {vorpal, Int+2 Stlth+}
rCold    . . .     Faith    .   c - +0 kite shield
rNeg     . . .     Spirit   .   b - +0 scale mail
rPois    .         Reflect  .   (no helmet)
rElec    .         Harm     .   (no cloak)
rCorr    .         Rampage  .   (no gloves)
Will     .....                  (no boots)
Stlth    +.........             (no amulet)
HPRegen  0.20/turn              (no ring)
MPRegen  0.11/turn              (no ring)

@: about to teleport
A: hooves 1, thin metallic scales 1, foul stench 2
a: no special abilities


You were on level 6 of the Dungeon.
You visited 1 branch of the dungeon, and saw 6 of its levels.
You also visited: Sewer.

You collected 381 gold pieces.

Inventory:

Hand Weapons
 a - a +2 war axe of flaming
 r - the +7 trident of Zin's Whim (weapon) {vorpal, Int+2 Stlth+}
   (You found it on level 5 of the Dungeon)

   It inflicts extra damage upon your enemies.
   Int:       It affects your intelligence (+2).
   Stlth:     It makes you more stealthy.
Armour
 b - a +0 scale mail (worn)
 c - a +0 kite shield (worn)
Jewellery
 k - a +4 ring of evasion
 q - a +4 ring of protection
Wands
 g - a wand of acid (8)
Scrolls
 e - 2 scrolls of blinking
 i - 2 scrolls of fog
 l - 2 scrolls of teleportation
 n - 2 scrolls of identify
Potions
 d - 4 potions of might
 f - a potion of ambrosia {unknown}
 h - 2 potions of haste
 j - a potion of heal wounds
 m - a potion of brilliance
 o - a potion of invisibility {unknown}
 p - a potion of curing


   Skills:
 + Level 5.1 Fighting
 * Level 5.8 Axes
 + Level 0.8(3.7) Polearms
 + Level 4.8 Armour
 + Level 4.7 Shields


You had 7 spell levels left.
You didn't know any spells.
Your spell library contained the following spells:

 Spells                   Type           Power      Damage    Failure   Level
 Tukima's Dance           Hex            0%         N/A       100%        3
 Passage of Golubria      Tloc           N/A        N/A       100%        4
 Yara's Violent Unravell  Hex/Tmut       0%         3d3       100%        5


Dungeon Overview and Level Annotations

Branches:
Dungeon (6/15)              Sewer (visited)
 Temple: D:4-7

Altars:
Ashenzari
Gozag
Uskayaw


Innate Abilities, Weirdness & Mutations

You have large cloven feet.
You are partially covered in thin metallic scales. (AC +2)
You sometimes emit foul miasma when damaged in melee.


Message History

The orc priest casts a cantrip, but nothing happens.
The orc hits you with a +0 club.
You emit a cloud of foul miasma!
The orc priest closely misses you.
Unknown command.
You closely miss the orc priest.
The orc priest is almost dead.
You block the orc priest's attack. x2; The orc is engulfed in dark miasma.
The orc is poisoned.
The orc hits you but does no damage.
The orc priest hits you with a +0 short sword.
Unknown command.
You are too injured to fight recklessly!
Unknown command.
You are too injured to fight recklessly!
Unknown command.
You are too injured to fight recklessly!
You closely miss the orc priest.
You kill the orc!
You block the orc priest's attack.
The orc priest hits you but does no damage.
The orc priest barely misses you.
The orc priest hits you with a +0 falchion.
The orc priest calls down the wrath of Beogh upon you.
You struggle to resist.
You puncture the orc priest! Your kick misses the orc priest.
The orc priest is severely wounded.
The orc priest calls upon Beogh to heal the orc priest.
The orc priest is healed somewhat.
The orc priest hits you but does no damage.
The orc priest closely misses you.
The orc priest mumbles some strange prayers to Beogh against you.
Pain shoots through your body!
* * * LOW HITPOINT WARNING * * *
As you read the scroll of teleportation, it crumbles to dust.
You feel strangely unstable.
The orc priest mumbles some strange prayers to Beogh against you.
Pain shoots through your body!
* * * LOW HITPOINT WARNING * * *
The orc priest calls down the wrath of Beogh upon you.
Beogh smites you!
You die...

#####.#.##...#.#####...
........##.....)...#...
....................<.>
#####...####.#..##.####
###..# #.#..##.....
##.###.#..##.####
#########..##.#..##.#
......°)...##.#..##.#
......o@...##.#......
......oo....# ##.####
..........#.# ...
..........#..#
..........+....
..........##.###
..........# ..
..........#


You could see 3 orc priests.

Vanquished Creatures
  A water moccasin (D:5)
  2 black bears (D:5)
  2 ogres
  3 bullfrogs
  A scorpion (D:3)
  2 hounds (D:5)
  3 iguanas (D:5)
  A centaur skeleton (D:5)
  A hound skeleton (D:4)
  Robin (D:2)
  A howler monkey skeleton (D:4)
  12 adders
  4 river rats (Sewer)
  A white imp (D:5)
  A worm (D:3)
  4 dart slugs
  9 orcs
  13 ball pythons
  5 bats (D:2)
  8 endoplasms
  2 giant cockroaches
  13 goblins
  7 hobgoblins
  4 quokkas
  7 frilled lizards
  7 kobolds
  24 rats
139 creatures vanquished.

Vanquished Creatures (others)
  2 fungi (D:1)
  5 toadstools (D:1)
7 creatures vanquished.

Grand Total: 146 creatures vanquished

Notes
Turn   | Place    | Note
-------+----------+-------------------------------------------
     0 | D:1      | Sin92 the Demonspawn Fighter began the quest for the Orb.
     0 | D:1      | Reached XP level 1. HP: 18/18 MP: 1/1
   129 | D:1      | Found a faded altar of an unknown god.
   135 | D:1      | Gained mutation: You may rarely emit foul miasma when
                  | damaged in melee. [demonic ancestry]
   135 | D:1      | Reached XP level 2. HP: 11/24 MP: 2/2
   393 | D:1      | You fall into a shaft and drop 1 floor!
   594 | D:2      | Gained mutation: You have large cloven feet. [demonic
                  | ancestry]
   594 | D:2      | Reached XP level 3. HP: 8/29 MP: 3/3
   878 | D:2      | Noticed Robin
   902 | D:2      | HP: 1/29 [Robin (3)]
   906 | D:2      | Killed Robin
  1269 | D:2      | Reached XP level 4. HP: 34/35 MP: 4/4
  1365 | D:2      | Found a hide-covered altar of Uskayaw.
  2099 | D:3      | Noticed a scorpion
  2104 | D:3      | Killed a scorpion
  2105 | D:3      | Gained mutation: You are partially covered in thin metallic
                  | scales. (AC +2) [demonic ancestry]
  2105 | D:3      | Reached XP level 5. HP: 19/42 MP: 5/5
  2355 | D:3      | Found an opulent altar of Gozag.
  3095 | D:4      | Found a broken altar of Ashenzari.
  3153 | D:4      | Identified the +1 scale mail "Ycrof" {Rampage}
  3316 | D:4      | Found a glowing drain.
  3321 | Sewer    | Entered a sewer
  3711 | Sewer    | Gained mutation: You sometimes emit foul miasma when
                  | damaged in melee. [demonic ancestry]
  3711 | Sewer    | Reached XP level 6. HP: 26/48 MP: 6/6
  4831 | D:4      | Reached XP level 7. HP: 55/55 MP: 7/7
  4948 | D:5      | Entered Level 5 of the Dungeon
  5130 | D:5      | Reached skill level 5 in Axes
  5379 | D:5      | Reached skill level 5 in Fighting
  5379 | D:5      | Reached XP level 8. HP: 62/62 MP: 8/8
  5380 | D:5      | Identified the +7 trident of Zin's Whim {vorpal, Int+2
                  | Stlth+}
  5986 | D:6      | Killed from afar by an orc priest

Illustrated notes

Levels and vault maps discovered:
D:1:      ncdulo_halloftheorcs, layout_rooms, basic_ecumenical_altar,
          minmay_gold_behind_fungi
D:2:      layout_rooms, basic_altar, uniq_robin
D:3:      layout_basic, grunt_gozag_breadcrumbs, due_unseen_surprise
D:4:      layout_basic, evilmike_ruin_ashenzari, portal_sewer_entry_e
D:5:      layout_basic, kennysheep_generic_room_6
D:6:      layout_basic, minmay_temple_entry_glass, nicolae_ossuary_entry_plus,
          gammafunk_ghost_hive, grunt_ministairs_2

Skill      XL: |  1  2  3  4  5  6  7 |
---------------+----------------------+-----
Axes           | 2 3 4 5 |  5.8
Armour         | 3 4 |  4.8
Shields        | 3 4 |  4.7
Fighting       | 4 5 |  5.1
Polearms       | |  0.8

Action                   |  1- 3 |  4- 6 |  7- 9 || total
-------------------------+-------+-------+-------++-------
Melee: War axe           |    89 |   190 |    38 ||   317
       Kick              |     4 |    39 |    11 ||    54
       Trident           |       |       |    32 ||    32
  Use: Potion            |     1 |     2 |       ||     3
       Scroll            |       |     8 |     5 ||    13
 Stab: Distracted        |     1 |       |       ||     1
Armor: Scale mail        |    46 |    91 |    39 ||   176
Dodge: Dodged            |    38 |    74 |    32 ||   144
Block: Kite shield       |    57 |   130 |    42 ||   229

Table legend: (Time is in decaauts)
 A = Elapsed time spent in this place.
 B = Non-inter-level travel time spent in this place.
 C = Inter-level travel time spent in this place.
 D = Time resting spent in this place.
 E = Time spent auto-exploring this place.
 F = Levels seen in this place.
 G = Mean time per level.
                   A        B        C        D        E       F      G
               +--------+--------+--------+--------+--------+-----+--------+
         Total |   6195 |   6130 |     65 |   1287 |   3779 |   7 |  885.0 |
       Dungeon |   5029 |   4964 |     65 |    705 |   3421 |   6 |  838.2 |
         Sewer |   1165 |   1165 |      0 |    582 |    358 |   1 | 1165.0 |
               +--------+--------+--------+--------+--------+-----+--------+

Top non-repeatable levels by time:
     D:2: 1444 daAuts
   Sewer: 1165 daAuts
     D:3: 1131 daAuts
     D:5: 1023 daAuts
     D:4: 989 daAuts
     D:1: 400 daAuts
     D:6: 39 daAuts
